Diables vs Blackdemons
Created - November 30, 2017 at 19:09
Goals
|
| Diables |
2 |
3 |
1 |
6 |
| Blackdemons |
0 |
1 |
0 |
1 |
|
Shots
|
| Diables |
11 |
15 |
2 |
28 |
| Blackdemons |
13 |
14 |
6 |
33 |
|
1st period
1. Diables , Daniel Zaar 5 (Stefan Matteau 5, Alexandre Burrows 9) at 6:22
2. Diables , Jon Merrill 6 (Tyler Bozak 21, Alexandre Burrows 10) at 8:05 (PP)
Penalties :
Noel Acciari (MJM) for High sticking (Minor) at 1:36, Martin Hanzal (MJM) for Tripping (Minor) at 6:53, Jordan Szwarz (Alm) for Hooking (Minor) at 12:50, Klas Dahlbeck (MJM) for Hooking (Minor) at 16:20
2nd period
3. Blackdemons , Sergei Plotnikov 2 (Branko Radivojevic 9) at 2:36
4. Diables , Alexandre Burrows 11 (Craig Smith 19, Ryan Nugent-Hopkins 10) at 11:42
5. Diables , Tyler Bozak 14 (Hampus Lindholm 22) at 12:30
6. Diables , Tim Schaller 7 (Mark Fraser 4, Jordan Szwarz 6) at 13:32
Penalties :
Martin Hanzal (MJM) for Tripping (Minor) at 4:47, Mark Fraser (Alm) for Tripping (Minor) at 17:50
3rd period
7. Diables , Tyler Bozak 15 (Jamie Oleksiak 4) at 2:44
Penalties :
Blake Pietila (MJM) for Hooking (Minor) at 13:36
Goalie Stats
Eddie Lack (Alm), 32 saves from 33 shots - (0.970), W, 2-2-3, 60:00 minutes
Alexander Salak (MJM), 1 saves from 1 shots - (1.000), 17:16 minutes
Matt Hackett (MJM), 21 saves from 27 shots - (0.778), L, 9-7-0, 42:44 minutes
Players Stats for Diables
Player Name G A P +/- PIM S H SB GA TA FO MP PP MP PK MP
------------------------------------------------------------------------------------
Alexandre Burrows 1 2 3 1 0 3 1 1 0 0 0/1 17:35 3:50 0:43
Ben Hanowski 0 0 0 0 0 1 0 0 0 0 1/1 5:52 5:18 0:00
Brandon Prust 0 0 0 2 0 1 2 0 0 0 1/1 19:20 5:18 0:00
Brian Dumoulin 0 0 0 1 0 0 0 2 0 0 0/0 15:56 3:57 0:32
Craig Smith 0 1 1 1 0 2 1 0 2 1 0/0 16:29 0:03 2:11
Daniel Zaar 1 0 1 1 0 1 0 0 0 0 0/0 11:54 0:00 0:00
Hampus Lindholm 0 1 1 2 0 2 0 0 1 1 0/0 27:00 5:11 0:57
Jamie Oleksiak 0 1 1 1 0 0 1 1 0 0 0/0 11:57 0:00 1:16
Jon Merrill 1 0 1 1 0 2 3 0 0 0 0/0 26:32 3:57 3:19
Jordan Szwarz 0 1 1 1 2 2 3 0 0 1 0/0 22:54 3:47 0:00
Keith Seabrook 0 0 0 0 0 0 0 0 0 0 0/0 0:00 0:00 0:00
Mark Fraser 0 1 1 2 2 0 3 1 1 0 0/0 23:59 5:11 1:52
Pavel Valentenko 0 0 0 1 0 0 1 1 0 0 0/0 14:35 0:00 0:00
Pierre-Cédric Labrie 0 0 0 1 0 1 2 1 0 0 0/0 13:01 0:00 0:52
Ryan Nugent-Hopkins 0 1 1 1 0 2 2 0 1 0 11/19 19:14 5:18 0:00
Stefan Matteau 0 1 1 1 0 1 3 0 0 0 3/6 12:04 0:00 0:10
Taylor Beck 0 0 0 1 0 1 0 0 0 0 0/0 9:10 0:00 1:02
Tim Schaller 1 0 1 0 0 1 0 1 0 0 1/9 9:47 0:00 2:06
Tyler Bozak 2 1 3 2 0 8 0 1 0 0 19/35 18:41 3:50 0:52
Players Stats for Blackdemons
Player Name G A P +/- PIM S H SB GA TA FO MP PP MP PK MP
------------------------------------------------------------------------------------
Ales Kotalik 0 0 0 -3 0 7 5 1 0 0 1/1 20:25 2:04 2:39
Andrew MacDonald 0 0 0 -3 0 5 2 3 0 0 0/0 26:47 2:43 5:24
Blake Pietila 0 0 0 -3 2 0 2 0 0 0 0/2 17:45 2:04 0:00
Branko Radivojevic 0 1 1 0 0 1 4 0 0 0 0/0 17:49 1:54 2:39
Brett Kulak 0 0 0 1 0 0 1 1 0 0 0/0 6:38 0:00 0:00
Calvin de Haan 0 0 0 -1 0 3 3 1 0 1 0/0 17:34 1:15 3:06
Charles-Olivier Roussel 0 0 0 -1 0 0 0 0 0 0 0/0 9:01 0:00 0:38
Jeffrey Foss 0 0 0 -1 0 0 0 0 0 0 0/0 8:23 0:00 0:00
Keaton Ellerby 0 0 0 -1 0 3 1 1 0 0 0/0 20:42 1:15 6:02
Klas Dahlbeck 0 0 0 1 2 0 1 1 0 0 0/0 6:37 0:00 0:00
Kyle Rau 0 0 0 0 0 1 1 0 2 1 4/8 11:13 0:00 2:25
Mackenzie MacEachern 0 0 0 0 0 0 0 0 0 1 0/0 14:51 0:00 5:42
Martin Hanzal 0 0 0 -3 4 5 0 2 0 1 23/44 21:43 2:04 3:39
Mathew Dumba 0 0 0 -3 0 0 2 2 0 1 0/0 24:17 2:43 3:06
Max Friberg 0 0 0 -1 0 0 0 0 0 0 0/0 8:48 0:00 0:00
Mikko Lehtonen 0 0 0 0 0 3 0 0 0 0 0/0 8:48 0:00 0:00
Noel Acciari 0 0 0 0 2 2 0 1 0 0 3/9 16:12 1:54 0:43
Scott Timmins 0 0 0 -1 0 1 2 0 1 0 3/6 8:48 0:00 0:00
Scott Wilson 0 0 0 -1 0 0 2 0 0 0 0/0 8:48 0:00 0:00
Sergei Plotnikov 1 0 1 0 0 2 2 0 0 0 2/2 15:38 1:54 0:29
3 Stars
1 - Tyler Bozak (Alm)
2 - Alexandre Burrows (Alm)
3 - Eddie Lack (Alm)
Power Play
Diables - 1 on 5 Attempt(s) - 20.00%
Blackdemons - 0 on 2 Attempt(s) - 0.00%
Penalty Kill
Diables - 2 on 2 Attempt(s) - 100.00%
- Score 0 goal in Penalty Kill
Blackdemons - 4 on 5 Attempt(s) - 80.00%
- Score 0 goal in Penalty Kill
Team Stat
Diables - Hits : 22 - Faceoff Wins : 36 - Blocked Shots : 9 - Penalty Minutes : 4
Blackdemons - Hits : 28 - Faceoff Wins : 36 - Blocked Shots : 13 - Penalty Minutes : 10
Official
Referees : Ciamaga Chris and Dwyer Gord
Linesman : Brad Kovachik and Jean Morin
Game Notes
Alexander Salak enters game at 2:44 of 3rd period
Finance
Level 1 -- Attendance: 1595 (79.75%) -- Ticket Income $63,800
Level 2 -- Attendance: 702 (70.20%) -- Ticket Income $14,040
Total Attendance: 2297 (76.57%)
Total Ticket Income: $77,840
Other Income: $3,892
Total Income: $81,732
Diables
5 vs 5 Forward
Center Left Wing Right Wing Time % Phy DF OF
1 Tyler Bozak Brandon Prust Jordan Szwarz 40 1 2 2
2 Ryan Nugent-Hopkins Alexandre Burrows Craig Smith 30 1 2 2
3 Tim Schaller Taylor Beck Jordan Szwarz 20 1 2 2
4 Stefan Matteau Pierre-Cédric Labrie Daniel Zaar 10 1 2 2
5 vs 5 Defense
Defense Defense Time % Phy DF OF
1 Jon Merrill Hampus Lindholm 40 1 2 2
2 Pavel Valentenko Mark Fraser 30 1 2 2
3 Brian Dumoulin Jamie Oleksiak 20 1 2 2
4 Mark Fraser Hampus Lindholm 10 1 2 2
PowerPlay Forward
Center Left Wing Right Wing Time % Phy DF OF
1 Ryan Nugent-Hopkins Brandon Prust Ben Hanowski 60 1 2 2
2 Tyler Bozak Alexandre Burrows Jordan Szwarz 40 1 2 2
PowerPlay Defense
Defense Defense Time % Phy DF OF
1 Mark Fraser Hampus Lindholm 60 1 2 2
2 Brian Dumoulin Jon Merrill 40 1 2 2
Penalty Kill 4 Players Forward
Center Wing Time % Phy DF OF
1 Tim Schaller Craig Smith 60 1 2 2
2 Tyler Bozak Pierre-Cédric Labrie 40 1 2 2
Penalty Kill 4 Players Defense
Defense Defense Time % Phy DF OF
1 Mark Fraser Jon Merrill 60 1 2 2
2 Hampus Lindholm Jon Merrill 40 1 2 2
Penalty Kill - 3 Players Forward
Forward Time % Phy DF OF
1 Brandon Prust 60 1 2 2
2 Tim Schaller 40 1 2 2
Penalty Kill - 3 Players Defense
Defense Defense Time % Phy DF OF
1 Mark Fraser Pavel Valentenko 60 1 2 2
2 Hampus Lindholm Jon Merrill 40 1 2 2
4 vs 4 Forward
Center Wing Time % Phy DF OF
1 Tyler Bozak Alexandre Burrows 60 1 2 2
2 Ryan Nugent-Hopkins Brandon Prust 40 1 2 2
4 vs 4 Defense
Defense Defense Time % Phy DF OF
1 Mark Fraser Hampus Lindholm 60 1 2 2
2 Pavel Valentenko Jon Merrill 40 1 2 2
Last Minutes Offensive
Center Left Wing Right Wing Defense Defense
Tyler Bozak Brandon Prust Ben Hanowski Hampus Lindholm Jon Merrill
Last Minutes Defensive
Center Left Wing Right Wing Defense Defense
Craig Smith Brandon Prust Ben Hanowski Hampus Lindholm Jon Merrill
Goaltenders
Starting : Eddie Lack
Backup : Jean-Francois Berube
Extra Forwards
Normal : Ryan Nugent-Hopkins, Jordan Szwarz, Taylor Beck - PP : Ryan Nugent-Hopkins, Jordan Szwarz - PK : Taylor Beck
Extra Defensemen
Normal : Brian Dumoulin, Jamie Oleksiak, Hampus Lindholm - PP : Brian Dumoulin - PK : Jamie Oleksiak, Hampus Lindholm
Penalty Shots
Brandon Prust, Tyler Bozak, Alexandre Burrows, Ben Hanowski, Tim Schaller
Scratches
Louis Leblanc (Healthy), Gemel Smith (Healthy), Matt Lindblad (Healthy), Christian Thomas (Healthy), Kyle Chipchura (Healthy)
Borna Rendulic (Healthy), Adam Clendening (Healthy), Eric Karlsson (Healthy), Brett Ritchie (Healthy), Blake Coleman (Healthy)
Benn Ferriero (Healthy), Andrew O'Brien (Healthy), Steve Quailer (Sprained Right Knee Injury), Marc-André Bourdon (Healthy), Linus Ullmark (Healthy)
Blackdemons
5 vs 5 Forward
Center Left Wing Right Wing Time % Phy DF OF
1 Martin Hanzal Blake Pietila Ales Kotalik 40 0 1 4
2 Noel Acciari Sergei Plotnikov Branko Radivojevic 32 0 1 4
3 Kyle Rau Mackenzie MacEachern Mikko Lehtonen 20 1 2 2
4 Scott Timmins Scott Wilson Max Friberg 8 1 2 2
5 vs 5 Defense
Defense Defense Time % Phy DF OF
1 Andrew MacDonald Mathew Dumba 45 0 3 2
2 Keaton Ellerby Calvin de Haan 35 0 3 2
3 Jeffrey Foss Charles-Olivier Roussel 12 1 3 1
4 Klas Dahlbeck Brett Kulak 8 1 3 1
PowerPlay Forward
Center Left Wing Right Wing Time % Phy DF OF
1 Martin Hanzal Blake Pietila Ales Kotalik 60 0 1 4
2 Noel Acciari Sergei Plotnikov Branko Radivojevic 40 0 1 4
PowerPlay Defense
Defense Defense Time % Phy DF OF
1 Mathew Dumba Andrew MacDonald 60 1 1 3
2 Keaton Ellerby Calvin de Haan 40 1 1 3
Penalty Kill 4 Players Forward
Center Wing Time % Phy DF OF
1 Martin Hanzal Mackenzie MacEachern 60 1 4 0
2 Ales Kotalik Branko Radivojevic 40 1 4 0
Penalty Kill 4 Players Defense
Defense Defense Time % Phy DF OF
1 Keaton Ellerby Andrew MacDonald 60 1 4 0
2 Calvin de Haan Mathew Dumba 40 1 4 0
Penalty Kill - 3 Players Forward
Forward Time % Phy DF OF
1 Ales Kotalik 60 1 4 0
2 Martin Hanzal 40 1 4 0
Penalty Kill - 3 Players Defense
Defense Defense Time % Phy DF OF
1 Keaton Ellerby Andrew MacDonald 60 1 4 0
2 Calvin de Haan Jeffrey Foss 40 1 4 0
4 vs 4 Forward
Center Wing Time % Phy DF OF
1 Martin Hanzal Branko Radivojevic 60 1 2 2
2 Ales Kotalik Mikko Lehtonen 40 1 2 2
4 vs 4 Defense
Defense Defense Time % Phy DF OF
1 Keaton Ellerby Andrew MacDonald 60 1 2 2
2 Calvin de Haan Mathew Dumba 40 1 2 2
Last Minutes Offensive
Center Left Wing Right Wing Defense Defense
Martin Hanzal Sergei Plotnikov Ales Kotalik Keaton Ellerby Andrew MacDonald
Last Minutes Defensive
Center Left Wing Right Wing Defense Defense
Martin Hanzal Sergei Plotnikov Ales Kotalik Keaton Ellerby Andrew MacDonald
Goaltenders
Starting : Matt Hackett
Backup : Alexander Salak
Extra Forwards
Normal : Mikko Lehtonen, Noel Acciari, Kyle Rau - PP : Mikko Lehtonen, Noel Acciari - PK : Kyle Rau
Extra Defensemen
Normal : Mathew Dumba, Charles-Olivier Roussel, Keaton Ellerby - PP : Mathew Dumba - PK : Charles-Olivier Roussel, Calvin de Haan
Penalty Shots
Noel Acciari, Martin Hanzal, Ales Kotalik, Mackenzie MacEachern, Branko Radivojevic
Scratches
Andy McDonald (Right Leg Injury), Alexandre Grenier (Back Surgery Injury), Dan Bertram (Healthy), Colin Smith (Healthy), Jyrki Jokipakka (Healthy)
Reece Scarlett (Healthy), Patrice Cormier (Head Injury), Ben Maxwell (Healthy), Nicolas Deschamps (Healthy), Jacob Lagacé (Healthy)
James Livingstone (Healthy), Sami Aittokallio (Healthy)
% Time on Ice - Diables
Lines # - Real PCT - Wanted PCT - Time Play
Normal Forward
1 - 30% - 40% - 14:02
2 - 28% - 30% - 13:17
3 - 16% - 20% - 7:41
4 - 25% - 10% - 11:54
Normal Defense
1 - 41% - 40% - 19:02
2 - 34% - 30% - 15:51
3 - 22% - 20% - 10:16
4 - 4% - 10% - 1:45
PP Forward
1 - 58% - 60% - 5:18
2 - 42% - 40% - 3:50
PP Defense
1 - 57% - 60% - 5:11
2 - 43% - 40% - 3:57
PK Forward
1 - 78% - 60% - 3:06
2 - 22% - 40% - 0:52
PK Defense
1 - 97% - 60% - 3:51
2 - 3% - 40% - 0:07
PK3 Forward
1 - 0% - 60%
2 - 0% - 40%
PK3 Defense
1 - 0% - 60%
2 - 0% - 40%
44 Forward
1 - 0% - 60%
2 - 0% - 40%
44 Defense
1 - 0% - 60%
2 - 0% - 40%
Last Minute Offensive - 0:00
Last Minute Defensive - 0:00
Total
Forward - 60:00
Defense - 60:00
|
% Time on Ice - Blackdemons
Lines # - Real PCT - Wanted PCT - Time Play
Normal Forward
1 - 34% - 40% - 16:02
2 - 28% - 32% - 13:16
3 - 19% - 20% - 8:48
4 - 19% - 8% - 8:48
Normal Defense
1 - 40% - 45% - 18:40
2 - 28% - 35% - 13:13
3 - 18% - 12% - 8:23
4 - 14% - 8% - 6:38
PP Forward
1 - 52% - 60% - 2:04
2 - 48% - 40% - 1:54
PP Defense
1 - 68% - 60% - 2:43
2 - 32% - 40% - 1:15
PK Forward
1 - 71% - 60% - 6:29
2 - 29% - 40% - 2:39
PK Defense
1 - 66% - 60% - 6:02
2 - 34% - 40% - 3:06
PK3 Forward
1 - 0% - 60%
2 - 0% - 40%
PK3 Defense
1 - 0% - 60%
2 - 0% - 40%
44 Forward
1 - 0% - 60%
2 - 0% - 40%
44 Defense
1 - 0% - 60%
2 - 0% - 40%
Last Minute Offensive - 0:00
Last Minute Defensive - 0:00
Total
Forward - 60:00
Defense - 60:00
|
Play by Play
1st period
0:01 of 1st period - Martin Hanzal wins face-off versus Tyler Bozak in neutral zone.
0:03 of 1st period - Andrew MacDonald is hit by Jon Merrill and loses puck.
0:36 of 1st period - Wrist shot by Craig Smith.
0:36 of 1st period - Stopped by Matt Hackett without a rebound.
0:37 of 1st period - Kyle Rau wins face-off versus Tim Schaller in Blackdemons zone.
0:44 of 1st period - Snap shot by Mikko Lehtonen.
0:44 of 1st period - Stopped by Eddie Lack without a rebound.
0:45 of 1st period - Kyle Rau wins face-off versus Tim Schaller in Diables zone.
0:52 of 1st period - Snap shot by Mikko Lehtonen.
0:52 of 1st period - Shot Blocked by Tim Schaller.
0:54 of 1st period - Slapshot by Keaton Ellerby.
0:54 of 1st period - Shot Misses the Net.
0:56 of 1st period - Snap shot by Kyle Rau.
0:56 of 1st period - Shot Blocked by Pavel Valentenko.
0:58 of 1st period - Slapshot by Calvin de Haan.
0:58 of 1st period - Stopped by Eddie Lack with a rebound.
1:06 of 1st period - Snap shot by Jordan Szwarz.
1:06 of 1st period - Shot Misses the Net.
1:14 of 1st period - Slapshot by Keaton Ellerby.
1:14 of 1st period - Stopped by Eddie Lack without a rebound.
1:15 of 1st period - Sergei Plotnikov wins face-off versus Stefan Matteau in Diables zone.
1:18 of 1st period - Wrist shot by Sergei Plotnikov.
1:18 of 1st period - Shot Misses the Net.
1:26 of 1st period - Wrist shot by Pierre-Cédric Labrie.
1:26 of 1st period - Stopped by Matt Hackett with a rebound.
1:36 of 1st period - Minor Penalty to Noel Acciari for High sticking.
1:37 of 1st period - Martin Hanzal wins face-off versus Ryan Nugent-Hopkins in Blackdemons zone.
2:50 of 1st period - Icing by Brandon Prust.
2:51 of 1st period - Ryan Nugent-Hopkins wins face-off versus Kyle Rau in Diables zone.
3:36 of 1st period - Penalty to Noel Acciari is over, Noel Acciari is back on ice.
3:54 of 1st period - Wrist shot by Mackenzie MacEachern.
3:54 of 1st period - Shot Blocked by Brian Dumoulin.
3:56 of 1st period - Snap shot by Noel Acciari.
3:56 of 1st period - Deflect By Brian Dumoulin.
3:56 of 1st period - Stopped by Eddie Lack without a rebound.
3:57 of 1st period - Scott Timmins wins face-off versus Ryan Nugent-Hopkins in Diables zone.
5:03 of 1st period - Snap shot by Ales Kotalik.
5:03 of 1st period - Deflect By Martin Hanzal.
5:03 of 1st period - Stopped by Eddie Lack without a rebound.
5:04 of 1st period - Martin Hanzal wins face-off versus Tyler Bozak in Diables zone.
5:05 of 1st period - Snap shot by Ales Kotalik.
5:05 of 1st period - Deflect By Tyler Bozak.
5:05 of 1st period - Stopped by Eddie Lack with a rebound.
5:34 of 1st period - Snap shot by Ales Kotalik.
5:34 of 1st period - Stopped by Eddie Lack without a rebound.
5:35 of 1st period - Noel Acciari wins face-off versus Tyler Bozak in Diables zone.
6:08 of 1st period - Snap shot by Mackenzie MacEachern.
6:08 of 1st period - Shot Misses the Net.
6:22 of 1st period - Slapshot by Daniel Zaar.
6:22 of 1st period - Goal by Daniel Zaar - Diables : 1 - Blackdemons : 0.
6:23 of 1st period - Martin Hanzal wins face-off versus Tyler Bozak in neutral zone.
6:28 of 1st period - Wrist shot by Ales Kotalik.
6:28 of 1st period - Stopped by Eddie Lack with a rebound.
6:30 of 1st period - Slapshot by Andrew MacDonald.
6:30 of 1st period - Stopped by Eddie Lack without a rebound.
6:31 of 1st period - Martin Hanzal wins face-off versus Tyler Bozak in Diables zone.
6:32 of 1st period - Snap shot by Ales Kotalik.
6:32 of 1st period - Shot Blocked by Mark Fraser.
6:34 of 1st period - Slapshot by Andrew MacDonald.
6:34 of 1st period - Stopped by Eddie Lack without a rebound.
6:35 of 1st period - Martin Hanzal wins face-off versus Tyler Bozak in Diables zone.
6:40 of 1st period - Wrist shot by Martin Hanzal.
6:40 of 1st period - Deflect By Ales Kotalik.
6:40 of 1st period - Shot Misses the Net.
6:40 of 1st period - Puck is out of play.
6:41 of 1st period - Tyler Bozak wins face-off versus Martin Hanzal in Diables zone.
6:53 of 1st period - Minor Penalty to Martin Hanzal for Tripping.
6:54 of 1st period - Kyle Rau wins face-off versus Ryan Nugent-Hopkins in Blackdemons zone.
6:54 of 1st period - Kyle Rau is hit by Ryan Nugent-Hopkins.
7:07 of 1st period - Snap shot by Brandon Prust.
7:07 of 1st period - Deflect By Ben Hanowski.
7:07 of 1st period - Stopped by Matt Hackett with a rebound.
7:09 of 1st period - Snap shot by Hampus Lindholm.
7:09 of 1st period - Shot Misses the Net.
7:24 of 1st period - Snap shot by Tyler Bozak.
7:24 of 1st period - Stopped by Matt Hackett without a rebound.
7:25 of 1st period - Ryan Nugent-Hopkins wins face-off versus Noel Acciari in Blackdemons zone.
7:44 of 1st period - Mathew Dumba is hit by Brandon Prust and loses puck.
7:59 of 1st period - Slapshot by Alexandre Burrows.
7:59 of 1st period - Shot Misses the Net.
8:01 of 1st period - Slapshot by Jon Merrill.
8:01 of 1st period - Stopped by Matt Hackett with a rebound.
8:03 of 1st period - Snap shot by Tyler Bozak.
8:03 of 1st period - Shot Blocked by Mathew Dumba.
8:05 of 1st period - Slapshot by Jon Merrill.
8:05 of 1st period - Goal by Jon Merrill - Diables : 2 - Blackdemons : 0.
8:06 of 1st period - Tyler Bozak wins face-off versus Noel Acciari in neutral zone.
8:19 of 1st period - Slapshot by Andrew MacDonald.
8:19 of 1st period - Shot Blocked by Tyler Bozak.
8:21 of 1st period - Slapshot by Mathew Dumba.
8:21 of 1st period - Shot Misses the Net.
8:39 of 1st period - Snap shot by Alexandre Burrows.
8:39 of 1st period - Stopped by Matt Hackett without a rebound.
8:40 of 1st period - Noel Acciari wins face-off versus Tim Schaller in Blackdemons zone.
9:05 of 1st period - Tim Schaller is hit by Calvin de Haan and loses puck.
9:14 of 1st period - Jordan Szwarz is hit by Mathew Dumba and loses puck.
9:32 of 1st period - Pavel Valentenko is hit by Mathew Dumba and loses puck.
9:51 of 1st period - Snap shot by Pierre-Cédric Labrie.
9:51 of 1st period - Shot Blocked by Klas Dahlbeck.
9:57 of 1st period - Mark Fraser is hit by Scott Timmins and loses puck.
10:47 of 1st period - Snap shot by Alexandre Burrows.
10:47 of 1st period - Shot Misses the Net.
10:55 of 1st period - Snap shot by Mikko Lehtonen.
10:55 of 1st period - Stopped by Eddie Lack without a rebound.
10:56 of 1st period - Martin Hanzal wins face-off versus Tyler Bozak in Diables zone.
11:27 of 1st period - Off-side.
11:28 of 1st period - Tyler Bozak wins face-off versus Martin Hanzal in neutral zone.
12:11 of 1st period - Keaton Ellerby is hit by Jamie Oleksiak and loses puck.
12:21 of 1st period - Slapshot by Calvin de Haan.
12:21 of 1st period - Shot Blocked by Alexandre Burrows.
12:37 of 1st period - Off-side.
12:38 of 1st period - Martin Hanzal wins face-off versus Tyler Bozak in neutral zone.
12:43 of 1st period - Wrist shot by Martin Hanzal.
12:43 of 1st period - Stopped by Eddie Lack with a rebound.
12:45 of 1st period - Slapshot by Martin Hanzal.
12:45 of 1st period - Shot Misses the Net.
12:47 of 1st period - Slapshot by Martin Hanzal.
12:47 of 1st period - Stopped by Eddie Lack without a rebound.
12:48 of 1st period - Tyler Bozak wins face-off versus Martin Hanzal in Diables zone.
12:50 of 1st period - Minor Penalty to Jordan Szwarz for Hooking.
12:51 of 1st period - Martin Hanzal wins face-off versus Tim Schaller in Diables zone.
12:55 of 1st period - Snap shot by Ales Kotalik.
12:55 of 1st period - Shot Misses the Net.
13:09 of 1st period - Mark Fraser is hit by Ales Kotalik and loses puck.
13:19 of 1st period - Icing by Martin Hanzal.
13:20 of 1st period - Martin Hanzal wins face-off versus Tim Schaller in Blackdemons zone.
14:31 of 1st period - Sergei Plotnikov is hit by Mark Fraser and loses puck.
14:50 of 1st period - Penalty to Jordan Szwarz is over, Jordan Szwarz is back on ice.
15:02 of 1st period - Slapshot by Jordan Szwarz.
15:02 of 1st period - Shot Blocked by Andrew MacDonald.
15:04 of 1st period - Snap shot by Tyler Bozak.
15:04 of 1st period - Stopped by Matt Hackett without a rebound.
15:05 of 1st period - Brandon Prust wins face-off versus Scott Timmins in Blackdemons zone.
15:28 of 1st period - Mikko Lehtonen is hit by Pierre-Cédric Labrie and loses puck.
16:20 of 1st period - Minor Penalty to Klas Dahlbeck for Hooking.
16:21 of 1st period - Ben Hanowski wins face-off versus Martin Hanzal in Blackdemons zone.
16:31 of 1st period - Wrist shot by Ryan Nugent-Hopkins.
16:31 of 1st period - Stopped by Matt Hackett without a rebound.
16:32 of 1st period - Ryan Nugent-Hopkins wins face-off versus Martin Hanzal in Blackdemons zone.
16:37 of 1st period - Wrist shot by Ryan Nugent-Hopkins.
16:37 of 1st period - Stopped by Matt Hackett with a rebound.
16:39 of 1st period - Snap shot by Brandon Prust.
16:39 of 1st period - Shot Blocked by Martin Hanzal.
16:41 of 1st period - Backhand shot by Hampus Lindholm.
16:41 of 1st period - Shot Hit the Post.
16:43 of 1st period - Slapshot by Ben Hanowski.
16:43 of 1st period - Deflect By Brandon Prust.
16:43 of 1st period - Shot Blocked by Martin Hanzal.
16:43 of 1st period - Puck is out of play.
16:44 of 1st period - Martin Hanzal wins face-off versus Ryan Nugent-Hopkins in Blackdemons zone.
17:11 of 1st period - Alexandre Burrows is hit by Branko Radivojevic and loses puck.
17:50 of 1st period - Icing by Jon Merrill.
17:51 of 1st period - Ales Kotalik wins face-off versus Tyler Bozak in Diables zone.
18:20 of 1st period - Penalty to Klas Dahlbeck is over, Klas Dahlbeck is back on ice.
18:23 of 1st period - Icing by Brandon Prust.
18:24 of 1st period - Scott Timmins wins face-off versus Ryan Nugent-Hopkins in Diables zone.
18:37 of 1st period - Sergei Plotnikov is hit by Mark Fraser and loses puck.
19:04 of 1st period - Pierre-Cédric Labrie is hit by Calvin de Haan and loses puck.
19:19 of 1st period - Snap shot by Scott Timmins.
19:19 of 1st period - Shot Misses the Net.
19:25 of 1st period - Snap shot by Scott Timmins.
19:25 of 1st period - Deflect By Max Friberg.
19:25 of 1st period - Shot Blocked by Brian Dumoulin.
19:25 of 1st period - Puck is out of play.
19:26 of 1st period - Tyler Bozak wins face-off versus Scott Timmins in Diables zone.
19:49 of 1st period - Wrist shot by Scott Timmins.
19:49 of 1st period - Deflect By Max Friberg.
19:49 of 1st period - Deflect By Ryan Nugent-Hopkins.
19:49 of 1st period - Shot Misses the Net.
19:49 of 1st period - Puck is out of play.
19:50 of 1st period - Ryan Nugent-Hopkins wins face-off versus Blake Pietila in Diables zone.
19:54 of 1st period - Off-side.
19:55 of 1st period - Martin Hanzal wins face-off versus Alexandre Burrows in neutral zone.
Goals for this period are 2 for Diables vs 0 for Blackdemons.
Shots for this period are 11 for Diables vs 13 for Blackdemons.
2nd period
0:01 of 2nd period - Tyler Bozak wins face-off versus Martin Hanzal in neutral zone.
0:10 of 2nd period - Snap shot by Tyler Bozak.
0:10 of 2nd period - Shot Misses the Net.
0:31 of 2nd period - Snap shot by Calvin de Haan.
0:31 of 2nd period - Stopped by Eddie Lack with a rebound.
0:38 of 2nd period - Slapshot by Hampus Lindholm.
0:38 of 2nd period - Stopped by Matt Hackett without a rebound.
0:39 of 2nd period - Tim Schaller wins face-off versus Martin Hanzal in Blackdemons zone.
0:42 of 2nd period - Snap shot by Taylor Beck.
0:42 of 2nd period - Stopped by Matt Hackett without a rebound.
0:43 of 2nd period - Martin Hanzal wins face-off versus Tim Schaller in Blackdemons zone.
0:56 of 2nd period - Snap shot by Martin Hanzal.
0:56 of 2nd period - Stopped by Eddie Lack with a rebound.
0:58 of 2nd period - Backhand shot by Ales Kotalik.
0:58 of 2nd period - Stopped by Eddie Lack with a rebound.
1:10 of 2nd period - Snap shot by Jordan Szwarz.
1:10 of 2nd period - Shot Misses the Net.
2:11 of 2nd period - Ryan Nugent-Hopkins is hit by Scott Timmins and loses puck.
2:34 of 2nd period - Snap shot by Branko Radivojevic.
2:34 of 2nd period - Shot Misses the Net.
2:36 of 2nd period - Snap shot by Sergei Plotnikov.
2:36 of 2nd period - Goal by Sergei Plotnikov - Diables : 2 - Blackdemons : 1.
2:37 of 2nd period - Tyler Bozak wins face-off versus Martin Hanzal in neutral zone.
2:40 of 2nd period - Ales Kotalik is hit by Jordan Szwarz and loses puck.
2:49 of 2nd period - Snap shot by Brandon Prust.
2:49 of 2nd period - Shot Misses the Net.
2:51 of 2nd period - Slapshot by Jordan Szwarz.
2:51 of 2nd period - Stopped by Matt Hackett without a rebound.
2:52 of 2nd period - Ryan Nugent-Hopkins wins face-off versus Noel Acciari in Blackdemons zone.
3:19 of 2nd period - Wrist shot by Tim Schaller.
3:19 of 2nd period - Shot Misses the Net.
4:03 of 2nd period - Wrist shot by Scott Timmins.
4:03 of 2nd period - Stopped by Eddie Lack with a rebound.
4:11 of 2nd period - Slapshot by Keaton Ellerby.
4:11 of 2nd period - Shot Blocked by Pierre-Cédric Labrie.
4:13 of 2nd period - Backhand shot by Calvin de Haan.
4:13 of 2nd period - Stopped by Eddie Lack with a rebound.
4:15 of 2nd period - Wrist shot by Max Friberg.
4:15 of 2nd period - Shot Misses the Net.
4:29 of 2nd period - Snap shot by Kyle Rau.
4:29 of 2nd period - Stopped by Eddie Lack without a rebound.
4:30 of 2nd period - Martin Hanzal wins face-off versus Tyler Bozak in Diables zone.
4:31 of 2nd period - Slapshot by Ales Kotalik.
4:31 of 2nd period - Stopped by Eddie Lack without a rebound.
4:32 of 2nd period - Tyler Bozak wins face-off versus Martin Hanzal in Diables zone.
4:32 of 2nd period - Tyler Bozak is hit by Ales Kotalik.
4:47 of 2nd period - Minor Penalty to Martin Hanzal for Tripping.
4:48 of 2nd period - Ryan Nugent-Hopkins wins face-off versus Kyle Rau in Blackdemons zone.
5:00 of 2nd period - Slapshot by Hampus Lindholm.
5:00 of 2nd period - Deflect By Ben Hanowski.
5:00 of 2nd period - Shot Misses the Net.
5:00 of 2nd period - Puck is out of play.
5:01 of 2nd period - Kyle Rau wins face-off versus Ryan Nugent-Hopkins in Blackdemons zone.
5:40 of 2nd period - Slapshot by Hampus Lindholm.
5:40 of 2nd period - Shot Misses the Net.
6:47 of 2nd period - Penalty to Martin Hanzal is over, Martin Hanzal is back on ice.
7:27 of 2nd period - Snap shot by Martin Hanzal.
7:27 of 2nd period - Stopped by Eddie Lack without a rebound.
7:28 of 2nd period - Stefan Matteau wins face-off versus Martin Hanzal in Diables zone.
7:42 of 2nd period - Wrist shot by Stefan Matteau.
7:42 of 2nd period - Stopped by Matt Hackett without a rebound.
7:43 of 2nd period - Ryan Nugent-Hopkins wins face-off versus Noel Acciari in Blackdemons zone.
8:06 of 2nd period - Mark Fraser is hit by Sergei Plotnikov and loses puck.
8:35 of 2nd period - Backhand shot by Craig Smith.
8:35 of 2nd period - Stopped by Matt Hackett with a rebound.
9:05 of 2nd period - Backhand shot by Keaton Ellerby.
9:05 of 2nd period - Stopped by Eddie Lack without a rebound.
9:06 of 2nd period - Tyler Bozak wins face-off versus Martin Hanzal in Diables zone.
9:41 of 2nd period - Jeffrey Foss is hit by Brandon Prust and loses puck.
10:23 of 2nd period - Slapshot by Martin Hanzal.
10:23 of 2nd period - Deflect By Blake Pietila.
10:23 of 2nd period - Deflect By Brian Dumoulin.
10:23 of 2nd period - Shot Misses the Net.
10:23 of 2nd period - Puck is out of play.
10:24 of 2nd period - Stefan Matteau wins face-off versus Martin Hanzal in Diables zone.
10:28 of 2nd period - Off-side.
10:29 of 2nd period - Martin Hanzal wins face-off versus Stefan Matteau in neutral zone.
10:36 of 2nd period - Snap shot by Ales Kotalik.
10:36 of 2nd period - Stopped by Eddie Lack with a rebound.
10:38 of 2nd period - Slapshot by Ales Kotalik.
10:38 of 2nd period - Stopped by Eddie Lack without a rebound.
10:39 of 2nd period - Tyler Bozak wins face-off versus Martin Hanzal in Diables zone.
10:54 of 2nd period - Snap shot by Brandon Prust.
10:54 of 2nd period - Stopped by Matt Hackett without a rebound.
10:55 of 2nd period - Ryan Nugent-Hopkins wins face-off versus Noel Acciari in Blackdemons zone.
11:04 of 2nd period - Slapshot by Alexandre Burrows.
11:04 of 2nd period - Stopped by Matt Hackett without a rebound.
11:05 of 2nd period - Noel Acciari wins face-off versus Ryan Nugent-Hopkins in Blackdemons zone.
11:42 of 2nd period - Snap shot by Alexandre Burrows.
11:42 of 2nd period - Goal by Alexandre Burrows - Diables : 3 - Blackdemons : 1.
11:43 of 2nd period - Tyler Bozak wins face-off versus Martin Hanzal in neutral zone.
11:50 of 2nd period - Snap shot by Tyler Bozak.
11:50 of 2nd period - Stopped by Matt Hackett without a rebound.
11:51 of 2nd period - Tyler Bozak wins face-off versus Martin Hanzal in Blackdemons zone.
11:54 of 2nd period - Slapshot by Tyler Bozak.
11:54 of 2nd period - Deflect By Ales Kotalik.
11:54 of 2nd period - Shot Blocked by Keaton Ellerby.
11:54 of 2nd period - Puck is out of play.
11:55 of 2nd period - Martin Hanzal wins face-off versus Tyler Bozak in Blackdemons zone.
12:05 of 2nd period - Off-side.
12:06 of 2nd period - Tyler Bozak wins face-off versus Martin Hanzal in neutral zone.
12:13 of 2nd period - Snap shot by Tyler Bozak.
12:13 of 2nd period - Stopped by Matt Hackett without a rebound.
12:14 of 2nd period - Martin Hanzal wins face-off versus Tyler Bozak in Blackdemons zone.
12:24 of 2nd period - Off-side.
12:25 of 2nd period - Tyler Bozak wins face-off versus Martin Hanzal in neutral zone.
12:30 of 2nd period - Snap shot by Tyler Bozak.
12:30 of 2nd period - Goal by Tyler Bozak - Diables : 4 - Blackdemons : 1.
12:31 of 2nd period - Tyler Bozak wins face-off versus Martin Hanzal in neutral zone.
12:34 of 2nd period - Snap shot by Hampus Lindholm.
12:34 of 2nd period - Shot Blocked by Andrew MacDonald.
12:36 of 2nd period - Slapshot by Hampus Lindholm.
12:36 of 2nd period - Stopped by Matt Hackett without a rebound.
12:37 of 2nd period - Tyler Bozak wins face-off versus Martin Hanzal in Blackdemons zone.
12:46 of 2nd period - Snap shot by Tyler Bozak.
12:46 of 2nd period - Shot Blocked by Andrew MacDonald.
12:48 of 2nd period - Backhand shot by Jordan Szwarz.
12:48 of 2nd period - Shot Blocked by Ales Kotalik.
12:50 of 2nd period - Wrist shot by Jordan Szwarz.
12:50 of 2nd period - Shot Misses the Net.
13:28 of 2nd period - Snap shot by Jordan Szwarz.
13:28 of 2nd period - Stopped by Matt Hackett with a rebound.
13:30 of 2nd period - Slapshot by Mark Fraser.
13:30 of 2nd period - Shot Blocked by Mathew Dumba.
13:32 of 2nd period - Snap shot by Tim Schaller.
13:32 of 2nd period - Goal by Tim Schaller - Diables : 5 - Blackdemons : 1.
13:33 of 2nd period - Tyler Bozak wins face-off versus Noel Acciari in neutral zone.
13:46 of 2nd period - Wrist shot by Tyler Bozak.
13:46 of 2nd period - Stopped by Matt Hackett without a rebound.
13:47 of 2nd period - Sergei Plotnikov wins face-off versus Tyler Bozak in Blackdemons zone.
13:58 of 2nd period - Slapshot by Sergei Plotnikov.
13:58 of 2nd period - Stopped by Eddie Lack with a rebound.
14:00 of 2nd period - Wrist shot by Branko Radivojevic.
14:00 of 2nd period - Shot Misses the Net.
14:09 of 2nd period - Icing by Jordan Szwarz.
14:10 of 2nd period - Martin Hanzal wins face-off versus Tyler Bozak in Diables zone.
14:15 of 2nd period - Wrist shot by Martin Hanzal.
14:15 of 2nd period - Deflect By Ales Kotalik.
14:15 of 2nd period - Shot Misses the Net.
14:15 of 2nd period - Puck is out of play.
14:16 of 2nd period - Ryan Nugent-Hopkins wins face-off versus Blake Pietila in Diables zone.
14:16 of 2nd period - Ryan Nugent-Hopkins is hit by Ales Kotalik.
15:37 of 2nd period - Icing by Scott Wilson.
15:38 of 2nd period - Scott Timmins wins face-off versus Tim Schaller in Blackdemons zone.
15:49 of 2nd period - Calvin de Haan is hit by Jordan Szwarz and loses puck.
17:11 of 2nd period - Tim Schaller is hit by Klas Dahlbeck and loses puck.
17:39 of 2nd period - Slapshot by Andrew MacDonald.
17:39 of 2nd period - Stopped by Eddie Lack without a rebound.
17:40 of 2nd period - Ryan Nugent-Hopkins wins face-off versus Martin Hanzal in Diables zone.
17:50 of 2nd period - Minor Penalty to Mark Fraser for Tripping.
17:51 of 2nd period - Martin Hanzal wins face-off versus Tim Schaller in Diables zone.
17:53 of 2nd period - Wrist shot by Martin Hanzal.
17:53 of 2nd period - Shot Misses the Net.
17:55 of 2nd period - Slapshot by Ales Kotalik.
17:55 of 2nd period - Shot Misses the Net.
17:57 of 2nd period - Wrist shot by Martin Hanzal.
17:57 of 2nd period - Shot Blocked by Jamie Oleksiak.
17:59 of 2nd period - Wrist shot by Martin Hanzal.
17:59 of 2nd period - Shot Misses the Net.
18:01 of 2nd period - Snap shot by Ales Kotalik.
18:01 of 2nd period - Shot Misses the Net.
19:50 of 2nd period - Penalty to Mark Fraser is over, Mark Fraser is back on ice.
Goals for this period are 3 for Diables vs 1 for Blackdemons.
Shots for this period are 15 for Diables vs 14 for Blackdemons.
3rd period
0:01 of 3rd period - Martin Hanzal wins face-off versus Tyler Bozak in neutral zone.
0:26 of 3rd period - Alexandre Burrows is hit by Sergei Plotnikov.
0:32 of 3rd period - Slapshot by Mark Fraser.
0:32 of 3rd period - Shot Blocked by Noel Acciari.
0:49 of 3rd period - Keaton Ellerby is hit by Pavel Valentenko and loses puck.
2:31 of 3rd period - Jeffrey Foss is hit by Jon Merrill and loses puck.
2:44 of 3rd period - Wrist shot by Tyler Bozak.
2:44 of 3rd period - Goal by Tyler Bozak - Diables : 6 - Blackdemons : 1.
2:44 of 3rd period - Alexander Salak enters game.
2:45 of 3rd period - Martin Hanzal wins face-off versus Tyler Bozak in neutral zone.
2:54 of 3rd period - Mathew Dumba is hit by Jordan Szwarz and loses puck.
3:11 of 3rd period - Noel Acciari is hit by Ryan Nugent-Hopkins and loses puck.
3:22 of 3rd period - Hampus Lindholm is hit by Calvin de Haan and loses puck.
3:39 of 3rd period - Slapshot by Hampus Lindholm.
3:39 of 3rd period - Shot Blocked by Calvin de Haan.
3:45 of 3rd period - Keaton Ellerby is hit by Jon Merrill.
4:13 of 3rd period - Snap shot by Tyler Bozak.
4:13 of 3rd period - Stopped by Alexander Salak with a rebound.
4:27 of 3rd period - Jamie Oleksiak is hit by Branko Radivojevic and loses puck.
5:49 of 3rd period - Wrist shot by Branko Radivojevic.
5:49 of 3rd period - Shot Misses the Net.
5:51 of 3rd period - Wrist shot by Branko Radivojevic.
5:51 of 3rd period - Stopped by Eddie Lack with a rebound.
5:53 of 3rd period - Snap shot by Sergei Plotnikov.
5:53 of 3rd period - Deflect By Noel Acciari.
5:53 of 3rd period - Stopped by Eddie Lack without a rebound.
5:54 of 3rd period - Tyler Bozak wins face-off versus Martin Hanzal in Diables zone.
5:54 of 3rd period - Tyler Bozak is hit by Ales Kotalik.
6:18 of 3rd period - Stefan Matteau is hit by Keaton Ellerby.
8:13 of 3rd period - Hampus Lindholm is hit by Blake Pietila and loses puck.
8:55 of 3rd period - Mark Fraser is hit by Kyle Rau and loses puck.
10:00 of 3rd period - Jordan Szwarz is hit by Branko Radivojevic and loses puck.
10:15 of 3rd period - Andrew MacDonald is hit by Stefan Matteau and loses puck.
10:26 of 3rd period - Craig Smith is hit by Andrew MacDonald and loses puck.
11:49 of 3rd period - Jamie Oleksiak is hit by Scott Wilson and loses puck.
12:12 of 3rd period - Blake Pietila is hit by Stefan Matteau and loses puck.
12:23 of 3rd period - Tyler Bozak is hit by Branko Radivojevic and loses puck.
13:11 of 3rd period - Scott Timmins is hit by Pierre-Cédric Labrie and loses puck.
13:24 of 3rd period - Jordan Szwarz is hit by Blake Pietila and loses puck.
13:36 of 3rd period - Minor Penalty to Blake Pietila for Hooking.
13:37 of 3rd period - Martin Hanzal wins face-off versus Ryan Nugent-Hopkins in Blackdemons zone.
13:50 of 3rd period - Martin Hanzal is hit by Mark Fraser and loses puck.
14:51 of 3rd period - Slapshot by Andrew MacDonald.
14:51 of 3rd period - Stopped by Eddie Lack without a rebound.
14:52 of 3rd period - Tyler Bozak wins face-off versus Kyle Rau in Diables zone.
15:36 of 3rd period - Penalty to Blake Pietila is over, Blake Pietila is back on ice.
16:27 of 3rd period - Daniel Zaar is hit by Brett Kulak and loses puck.
16:46 of 3rd period - Charles-Olivier Roussel is hit by Alexandre Burrows and loses puck.
16:59 of 3rd period - Brian Dumoulin is hit by Scott Wilson and loses puck.
17:45 of 3rd period - Hampus Lindholm is hit by Andrew MacDonald.
17:59 of 3rd period - Noel Acciari is hit by Stefan Matteau and loses puck.
18:10 of 3rd period - Sergei Plotnikov is hit by Craig Smith and loses puck.
18:31 of 3rd period - Slapshot by Keaton Ellerby.
18:31 of 3rd period - Stopped by Eddie Lack without a rebound.
18:32 of 3rd period - Stefan Matteau wins face-off versus Scott Timmins in Diables zone.
18:53 of 3rd period - Snap shot by Tyler Bozak.
18:53 of 3rd period - Shot Blocked by Brett Kulak.
19:01 of 3rd period - Jordan Szwarz is hit by Ales Kotalik and loses puck.
19:14 of 3rd period - Slapshot by Mikko Lehtonen.
19:14 of 3rd period - Stopped by Eddie Lack without a rebound.
19:15 of 3rd period - Ryan Nugent-Hopkins wins face-off versus Kyle Rau in Diables zone.
19:38 of 3rd period - Snap shot by Andrew MacDonald.
19:38 of 3rd period - Stopped by Eddie Lack without a rebound.
19:39 of 3rd period - Martin Hanzal wins face-off versus Stefan Matteau in Diables zone.
19:48 of 3rd period - Slapshot by Ales Kotalik.
19:48 of 3rd period - Shot Misses the Net.
Goals for this period are 1 for Diables vs 0 for Blackdemons.
Shots for this period are 2 for Diables vs 6 for Blackdemons.
Back to the Top